AoeStats
← Belgianwafflelegend69

Black Forest

503397941Analyzed
2v2 RM · 1mo ago on Aug 31, 2026· 66m 8s· 4 players
Game mode
Random Map
Map size
Medium (4 player)
Population
200
Speed
Normal
Resources
Standard
Victory
Conquest
Starting age
Dark Age
Ending age
Imperial Age
RankedLock teamsTeams togetherTeam positionsShared explorationLock speedFull tech treeHidden civsTurbo modeCheats
Victory
Defeat
🇨🇭 Malians · Switzerland
999
+18
984
+18
🇩🇪 Magyars · Germany
1035
-18
🇩🇪 Cumans · Germany
1031
-18
Belgianwafflelegend69
0:46 Loom
9:17 Double-Bit Axe
15:22 Feudal Age
13:47 Horse Collar
20:27 Castle Age
21:22 Husbandry
20:43 Light Cavalry
24:24 Cavalier
26:32 Wheelbarrow
31:43 Town Watch
39:47 Hand Cart
40:59 Forging
40:54 Scale Barding Armor
44:12 Iron Casting
43:30 Fletching
44:06 Chain Barding Armor
50:29 Imperial Age
51:07 Gold Mining
50:53 Paladin
53:21 Blast Furnace
52:57 Plate Barding Armor
52:18 Bodkin Arrow
54:04 Hussar
55:48 Chemistry
55:34 Padded Archer Armor
56:30 Conscription
56:07 Stone Mining
56:53 Gold Shaft Mining
57:53 Hoardings
60:03 Burgundian Vineyards
60:38 Masonry
60:09 Treadmill Crane
60:47 Leather Archer Armor
64:08 Bracer
64:50 Town Patrol
65:35 Architecture
65:01 Murder Holes
65:27 Ballistics
Sampling
12:00 Feudal Age
12:34 Double-Bit Axe
12:30 Horse Collar
16:07 Loom
23:30 Castle Age
22:08 Wheelbarrow
22:52 Stone Mining
37:50 Scale Mail Armor
38:01 Forging
40:08 Chain Mail Armor
40:03 Heavy Plow
40:15 Bow Saw
44:22 Hand Cart
44:52 Gold Mining
45:16 Squires
45:03 Arson
46:09 Gold Shaft Mining
46:44 Iron Casting
50:09 Herbal Medicine
53:42 Iron Casting
55:03 Fletching
59:29 Imperial Age
57:44 Tigui
59:43 Stone Shaft Mining
58:59 Town Watch
59:21 Bodkin Arrow
59:50 Ballistics
59:12 Treadmill Crane
59:42 Masonry
59:57 Elite Gbeto
60:58 Conscription
62:03 Chemistry
62:37 Architecture
66:51 Plate Mail Armor
Froghunter
0:25 Loom
13:23 Feudal Age
14:37 Man-at-Arms
18:46 Scale Barding Armor
18:44 Scale Mail Armor
27:17 Castle Age
26:37 Fletching
27:04 Double-Bit Axe
27:01 Horse Collar
28:10 Crossbowman
29:10 Thumb Ring
29:32 Bodkin Arrow
32:40 Scale Barding Armor
34:30 Bloodlines
35:08 Husbandry
35:45 Gold Mining
42:42 Imperial Age
41:46 Chain Mail Armor
40:54 Pikeman
43:32 Wheelbarrow
43:49 Chain Barding Armor
46:20 Conscription
45:41 Cavalier
46:19 Arson
47:12 Plate Barding Armor
46:38 Stone Mining
47:23 Gold Shaft Mining
49:48 Hand Cart
49:19 Town Watch
50:03 Bow Saw
50:25 Elite Magyar Huszar
50:29 Halberdier
51:56 Corvinian Army
51:20 Light Cavalry
51:21 Paladin
52:33 Hussar
55:15 Elite Skirmisher
55:52 Elite Magyar Huszar
56:36 Bracer
57:47 Padded Archer Armor
59:07 Leather Archer Armor
61:00 Ring Archer Armor
59:58 Heavy Scorpion
64:20 Chemistry
stk1908
1:19 Loom
11:56 Feudal Age
12:35 Double-Bit Axe
16:49 Bloodlines
19:20 Town Watch
28:43 Scale Mail Armor
45:20 Castle Age
43:56 Wheelbarrow
Connection lost

Rejoining the realm…

Still unreachable

The connection could not be restored.

Session expired

The server has moved on; the page needs a fresh start.